 Dungeon Crawl Stone Soup version 0.24.0-1-gfbc8707 (webtiles) character file.

Game seed: 7402982295515524884, levelgen mode: deterministic

92 Fang the Skirmisher (level 4, -1/43 HPs)
             Began as a Gargoyle Berserker on Oct 28, 2019.
             Was a Believer of Trog.
             Slain by a gnoll
             ... wielding a +0 spear
              (3 damage)
             ... on level 3 of the Dungeon.
             The game lasted 00:03:36 (1653 turns).

Fang the Skirmisher (Gargoyle Berserker)            Turns: 1653, Time: 00:03:36

Health: -1/43      AC: 13    Str: 27    XL:     4   Next: 60%
Magic:  4/4        EV: 11    Int:  7    God:    Trog [**....]
Gold:   75         SH:  0    Dex:  9    Spells: 3/3 levels left

rFire    . . .     SeeInvis .   a - +0 hand axe
rCold    . . .     Gourm    .   (no shield)
rNeg     + . .     Faith    .   b - quicksilver dragon scales
rPois    ∞         Spirit   .   (no helmet)
rElec    +         Reflect  .   (no cloak)
rCorr    .         Harm     .   (no gloves)
MR       +....                  (no boots)
Stlth    ..........             (no amulet)
HPRegen  0.14/turn              (no ring)
MPRegen  0.09/turn              (no ring)

@: berserking (expiring), very quick
A: negative energy resistance 1, electricity resistance, unbreathing,
petrification resistance, rot immunity, AC +3
a: Berserk, Trog's Hand, Renounce Religion


You were on level 3 of the Dungeon.
You worshipped Trog.
Trog was pleased with you.
You were hungry.

You visited 1 branch of the dungeon, and saw 3 of its levels.

You collected 75 gold pieces.

Inventory:

Hand Weapons
 a - a +0 hand axe (weapon)
Armour
 b - quicksilver dragon scales (worn)
Scrolls
 d - a scroll of identify {unknown}
 f - a scroll of fear {unknown}
 i - 2 scrolls of teleportation {unknown}
 m - a scroll of remove curse {unknown}
 n - a scroll of magic mapping {unknown}
Potions
 e - 2 potions of brilliance {unknown}
 g - 3 potions of flight {unknown}
 h - a potion of mutation {unknown}
 k - a potion of degeneration {unknown}
 l - a potion of curing {unknown}
Comestibles
 c - 7 rations


   Skills:
 + Level 4.0 Fighting
 + Level 3.3 Axes
 + Level 3.2 Armour
 + Level 2.3 Dodging


You had 3 spell levels left.
You didn't know any spells.
Your spell library was empty.

Dungeon Overview and Level Annotations

Branches:
Dungeon (3/15)

Altars:
Ru


Innate Abilities, Weirdness & Mutations

You are resistant to torment.
Your stone body is resilient. (AC +3)
You are immune to poison.
You resist negative energy. (rN+)
You are resistant to electric shocks. (rElec)
You can survive without breathing.
You are immune to petrification.
You are immune to rotting.


Message History

A gnoll comes into view. It is wielding a +0 spear.
You slash the gnoll sergeant!
The gnoll sergeant is moderately wounded.
You hear the slow rusting of a distant drain.
The gnoll sergeant hits you with a +0 spear.
* * * LOW HITPOINT WARNING * * *
You barely miss the gnoll sergeant.
The gnoll sergeant is moderately wounded.
The gnoll sergeant barely misses you.
A goblin comes into view. It is wielding a +0 dagger.
The gnoll completely misses you.
The goblin shouts!
You hit the gnoll sergeant.
The gnoll sergeant is heavily wounded.
You closely miss the orc wizard. The orc wizard barely misses you.
You hit the gnoll sergeant.
The gnoll sergeant is heavily wounded.
You hit the orc wizard. The orc wizard closely misses you.
The gnoll hits you from afar with a +0 spear.
You die...

#..............#
........(........
.........(......#
######.#....#####
#.#....# #.#....#
#.#)[).# #.#.o..#
#..g@..# ####.###
#g#


gg. .... ..... ###..# ... You could see a gnoll sergeant, an orc wizard, 2
gnolls and a goblin.

Vanquished Creatures
  A gnoll (D:3)
  2 adders (D:2)
  An ooze (D:2)
  A worm (D:2)
  A dart slug (D:2)
  2 leopard geckos
  3 orcs (D:3)
  3 giant cockroaches (D:2)
  4 goblins
  4 hobgoblins
  8 bats
  5 frilled lizards
  8 kobolds
  9 rats
52 creatures vanquished.

Notes
Turn   | Place    | Note
-------+----------+-------------------------------------------
     0 | D:1      | Fang the Gargoyle Berserker began the quest for the Orb.
     0 | D:1      | Reached XP level 1. HP: 14/14 MP: 1/1
   249 | D:1      | Reached XP level 2. HP: 16/19 MP: 2/2
   620 | D:1      | Reached XP level 3. HP: 22/23 MP: 3/3
   831 | D:2      | Found a sacrificial altar of Ru.
   936 | D:2      | Reached ** piety under Trog
  1328 | D:2      | Reached XP level 4. HP: 25/29 MP: 4/4
  1641 | D:3      | Noticed a gnoll sergeant
  1647 | D:3      | Reached skill level 4 in Fighting
  1650 | D:3      | HP: 1/43 [gnoll sergeant/+0 spear (2)]
  1653 | D:3      | Slain by a gnoll

Levels and vault maps discovered:
D:1:      lightli_arrival_isolated_outpost, layout_basic
D:2:      layout_loops_corners, lemuel_coloured_pillars_altar
D:3:      layout_loops_cross, cheibrodos_sewer_entry_sluice

Skill      XL: |  1  2  3  4 |
---------------+-------------+-----
Axes           | 3 |  3.3
Dodging        | 2 |  2.3
Armour         | 3 |  3.2
Fighting       | 4 |  4.0

Action                   |  1- 3 |  4- 6 || total
-------------------------+-------+-------++-------
Melee: Hand axe          |   154 |    26 ||   180
Invok: Berserk           |       |     1 ||     1
  Eat: Chunk             |     2 |     1 ||     3
Armor: Animal skin       |    46 |       ||    46
       Quicksilver drago |    34 |    21 ||    55
Dodge: Dodged            |   119 |    27 ||   146
